 Dungeon Crawl Stone Soup version 0.30-a0-178-g4db885d750 (webtiles) character file.

Game seed: 4121562619124433533

95 Angani the Grave Robber (level 4, -4/30 HPs)
             Began as a Mummy Necromancer on Oct 3, 2022.
             Slain by a gnoll
             ... wielding a +0 spear
              (10 damage)
             ... on level 2 of the Dungeon.
             The game lasted 00:05:00 (1749 turns).

Angani the Grave Robber (Mummy Necromancer)         Turns: 1749, Time: 00:05:01

Health: -4/30      AC:  2    Str: 11    XL:     4   Next: 40%
Magic:  0/10       EV: 12    Int: 16    God:
Gold:   104        SH:  0    Dex: 12    Spells: 4/12 levels left

rFire   x . .      SeeInvis .    (no weapon)
rCold   + . .      Faith    +    (no shield)
rNeg    + + +      Spirit   .    a - +0 robe
rPois   ∞          Reflect  .    (no helmet)
rElec   .          Harm     .    (no cloak)
rCorr   .          Rampage  .    (no gloves)
Will    .....                    (no boots)
Stlth   ++........               (no amulet)
HPRegen 0.25/turn                (no ring)
MPRegen 0.12/turn                (no ring)

@: animating dead, very slightly contaminated
A: cold resistance 1, negative energy resistance 3, torment resistance 2, heat
vulnerability 1, in touch with death 1, no potions, faith
a: no special abilities


You were on level 2 of the Dungeon.
You visited 1 branch of the dungeon, and saw 2 of its levels.

You collected 104 gold pieces.

Inventory:

Armour
 a - a +0 robe (worn)
Scrolls
 b - 3 scrolls of identify
 c - a scroll of vulnerability


   Skills:
 - Level 1.5 Dodging
 - Level 1.5 Stealth
 + Level 4.5 Spellcasting
 + Level 5.0 Necromancy


You had 4 spell levels left.
You knew the following spells:

 Your Spells              Type           Power      Damage    Failure   Level
a - Necrotise             Necr           100%       1d9       1%          1
b - Vampiric Draining     Necr           29%        2d8       6%          3
c - Animate Dead          Necr           29%        N/A       21%         4

Your spell library contained the following spells:

 Spells                   Type           Power      Damage    Failure   Level
 Agony                    Necr           29%        N/A       50%         5


Dungeon Overview and Level Annotations

Branches:
Dungeon (2/15)

Altars:

Shops:
D:2 =


Innate Abilities, Weirdness & Mutations

You are immune to poison.
Your flesh is cold resistant. (rC+)
You are immune to negative energy. (rN+++)
You are immune to unholy pain and torment.
You are vulnerable to heat. (rF-)
You are in touch with the powers of death.
You do not drink.
You have a special connection with the divine. (Faith)


Message History

Confirm with . or Enter, or press ? or * to list all spells.
Aiming: Necrotise (safe; 1% risk of failure)
Press: ? - help, Shift-Dir - straight line, f - gnoll
Aim: a gnoll, wielding a +0 halberd (chance to affect: 88%)
You feel a surge of power!
You miscast Necrotise.
You are very lightly contaminated with residual magic.
Nothing appears to happen.
The gnoll hits you from afar with a +0 halberd.
The gnoll hits you from afar with a +0 spear.
* * * LOW HITPOINT WARNING * * *
Unknown command.
Casting: Necrotise (safe; 1% risk of failure)
Confirm with . or Enter, or press ? or * to list all spells.
Aiming: Necrotise (safe; 1% risk of failure)
Press: ? - help, Shift-Dir - straight line, f/p - gnoll
Aim: a gnoll, wielding a +0 halberd (chance to affect: 88%)
You feel a surge of power!
The gnoll writhes in agony.
The gnoll closely misses you. The gnoll misses you.
Your gnoll zombie hits the gnoll but does no damage.
Unknown command.
Casting: Necrotise (safe; 1% risk of failure)
Confirm with . or Enter, or press ? or * to list all spells.
Aiming: Necrotise (safe; 1% risk of failure)
Press: ? - help, Shift-Dir - straight line, f/p - gnoll
Aim: a gnoll, wielding a +0 halberd (lightly wounded, chance to affect: 88%)
You feel a surge of power!
The gnoll writhes in agony!
The gnoll hits you from afar with a +0 halberd.
* * * LOW HITPOINT WARNING * * *
The gnoll barely misses you.
Your gnoll zombie barely misses the gnoll.
Casting: Necrotise (safe; 1% risk of failure)
Confirm with . or Enter, or press ? or * to list all spells.
Aiming: Necrotise (safe; 1% risk of failure)
Press: ? - help, Shift-Dir - straight line, f/p - gnoll
Aim: a gnoll, wielding a +0 halberd (severely wounded, chance to affect: 88%)
You feel a surge of power!
The gnoll writhes in agony.
You kill the gnoll!
The dead are walking!
The gnoll hits you from afar with a +0 spear!
You die...

#. ###._^# ##.#### #^..##
#...... #....# ......##
########...#########
......>
.......#.#..........
#....# ##......#######. #
#.#.#######...###.#######)
..##......gZ##...#
#...(.....
.......P..().@....#
#########.
..#......P.Z.##...# #.
.....PP....P......# #.
..#.....8.P..#.#### #. .
#...P........# ##
##..P..P...### ##....P..##
##.....## #######


You could see a gnoll (ally target) and 2 friendly gnoll zombies.

Vanquished Creatures
  Robin (D:2)
  2 gnolls (D:2)
  An adder (D:2)
  2 dart slugs (D:1)
  4 bats
  4 endoplasms
  4 giant cockroaches (D:1)
  10 goblins
  7 hobgoblins
  7 jackals (D:1)
  A quokka (D:1)
  3 ball pythons
  2 frilled lizards (D:1)
  A kobold (D:1)
  5 rats
54 creatures vanquished.

Vanquished Creatures (collateral kills)
  A goblin (D:1)
  A kobold (D:1)
2 creatures vanquished.

Vanquished Creatures (others)
  6 fungi (D:2)
6 creatures vanquished.

Grand Total: 62 creatures vanquished

Notes
Turn   | Place    | Note
-------+----------+-------------------------------------------
     0 | D:1      | Angani the Mummy Necromancer began the quest for the Orb.
     0 | D:1      | Reached XP level 1. HP: 13/13 MP: 4/4
   212 | D:1      | Reached XP level 2. HP: 19/19 MP: 4/6
   765 | D:1      | Gained mutation: You are in touch with the powers of death.
                  | [Mummy growth]
   765 | D:1      | Reached XP level 3. HP: 24/24 MP: 6/8
   793 | D:1      | Learned a level 3 spell: Vampiric Draining
  1225 | D:2      | Noticed Robin
  1438 | D:2      | Killed Robin
  1439 | D:2      | Reached XP level 4. HP: 30/30 MP: 2/10
  1447 | D:2      | Learned a level 4 spell: Animate Dead
  1525 | D:2      | Found a faded altar of an unknown god.
  1563 | D:2      | Found Mijaw's One-of-a-Kind Rings.
  1697 | D:2      | Reached skill level 5 in Necromancy
  1749 | D:2      | Slain by a gnoll

Illustrated notes

Levels and vault maps discovered:
D:1:      tarquinn_simple_flora_water_d, layout_loops_ring
D:2:      layout_rooms, ebering_ecumenical_altar_webs,
          nicolae_shop_unique_rings, dreamdust_mushroom_princess,
          minmay_misc_feat_four_crosses, uniq_robin

Skill      XL: |  1  2  3  4 |
---------------+-------------+-----
Spellcasting   | 3 4 |  4.5
Necromancy     | 5 |  5.0
Dodging        | |  1.5
Stealth        | |  1.5

Action                   |  1- 3 |  4- 6 || total
-------------------------+-------+-------++-------
 Cast: Necrotise         |    77 |    13 ||    90
       Animate Dead      |       |     1 ||     1
  Use: Scroll            |     1 |       ||     1
Armor: Robe              |     7 |       ||     7
Dodge: Dodged            |    13 |     8 ||    21

Table legend: (Time is in decaauts)
 A = Elapsed time spent in this place.
 B = Non-inter-level travel time spent in this place.
 C = Inter-level travel time spent in this place.
 D = Time resting spent in this place.
 E = Time spent auto-exploring this place.
 F = Levels seen in this place.
 G = Mean time per level.
                   A        B        C        D        E       F      G
               +--------+--------+--------+--------+--------+-----+--------+
         Total |   1749 |   1715 |     34 |      0 |   1457 |   2 |  874.5 |
       Dungeon |   1749 |   1715 |     34 |      0 |   1457 |   2 |  874.5 |
               +--------+--------+--------+--------+--------+-----+--------+

Top non-repeatable levels by time:
     D:1: 1239 daAuts
     D:2: 509 daAuts
